Map: Habitation Station LE (Void)

Players

Moash - Winner!

  • Race: Terran Terran
  • League: Master
  • Spawn Location: 11:00

Cheater 1 (Resources)

  • Race: Zerg Zerg
  • Spawn Location: 1:00

VOD

Have the link to the VOD?

Description

Time

  • Played on: Dec. 9, 2016, 9:17 p.m.
  • Length: 10:58
Show
View Real Time Build Order
Export as new Build Order

Moash Terran - Winner!

Build Orders: Reaper Expand, Bio Tank 

Get SALT Encoding   

  12  0:00  SCV  
  13  0:13  SCV  
  14  0:17  Supply Depot  
  14  0:25  SCV  
  14  0:27  Refinery  
  15  0:38  SCV  
  16  0:45  Barracks  
  16  0:51  SCV  
  17  1:03  SCV  
  18  1:15  SCV  
  19  1:31  Orbital Command  
  19  1:32  Reaper  
  20  1:42  Command Center  
  20  1:52  Factory  
  20  1:57  SCV  
  21  2:01  Refinery  
  21  2:05  Barracks Reactor  
  21  2:09  SCV  
  22  2:17  Supply Depot  
  22  2:21  SCV  
  23  2:39  SCV  
  23  2:40  Starport  
  24  2:50  Barracks Tech Lab, Hellion x2  
  29  2:51  SCV  
  29  3:00  Orbital Command  
  29  3:03  SCV  
  30  3:14  Hellion  
  30  3:15  SCV  
  30  3:16  Hellion  
  30  3:19  Barracks Tech Lab  
  35  3:24  Raven  
  37  3:27  SCV x2  
  37  3:33  Supply Depot  
  39  3:39  SCV  
  39  3:40  SCV  
  41  3:49  Siege Tank  
  41  3:50  Marine x2  
  41  3:54  SCV x2  
  41  3:55  Supply Depot  
  48  3:59  Supply Depot  
  48  4:06  SCV  
  48  4:08  SCV  
  50  4:16  Marine  
  51  4:17  Command Center  
  51  4:18  Marine  
  51  4:20  Raven  
  54  4:24  SCV  
  54  4:25  SCV  
  56  4:35  Factory Tech Lab  
  56  4:37  Barracks, SCV  
  56  4:38  SCV  
  58  4:42  Refinery x2  
  58  4:47  Marine x2  
  58  4:49  SCV  
  58  4:50  SCV  
  62  4:53  Supply Depot  
  62  4:57  Siege Tank  
  65  5:01  SCV  
  65  5:03  SCV  
  67  5:12  Engineering Bay  
  67  5:13  SCV  
  68  5:14  Engineering Bay  
  68  5:15  Marine, SCV  
  68  5:16  Marine  
  68  5:18  Raven  
  73  5:25  SCV  
  73  5:27  SCV  
  75  5:32  Orbital Command  
  75  5:33  Marine  
  75  5:34  Stimpack, Marine x2  
  78  5:37  SCV  
  78  5:39  SCV  
  80  5:44  Supply Depot  
  80  5:46  Supply Depot  
  80  5:49  Terran Infantry Armor Level 1, Terran Infantry Weapons Level 1  
  80  5:52  Marine  
  80  5:56  Orbital Command  
  81  6:00  Barracks x2, SCV  
  81  6:03  Barracks Reactor, SCV  
  83  6:10  Supply Depot x2  
  83  6:12  SCV  
  83  6:14  Siege Tank  
  83  6:15  SCV  
  83  6:18  Marine  
  89  6:23  Armory  
  89  6:24  SCV  
  90  6:29  Medivac  
  90  6:30  Medivac  
  94  6:35  Marine, SCV x2  
  97  6:41  SCV  
  97  6:43  Supply Depot  
  97  6:44  Supply Depot  
  97  6:45  Marine x2  
  100  6:47  SCV  
  100  6:49  Barracks Reactor x2  
  100  6:53  Barracks, Marine, SCV x2  
  104  6:58  Refinery  
  104  6:59  SCV  
  105  7:02  Marine  
  105  7:03  Marine  
  105  7:06  SCV  
  105  7:08  SCV  
  109  7:10  Siege Tank, Refinery  
  109  7:11  Marine  
  109  7:14  SCV  
  109  7:15  Medivac x2  
  118  7:18  Supply Depot  
  118  7:20  Supply Depot, Marine x2  
  118  7:21  Supply Depot  
  120  7:29  Marine x3, Marauder  
  125  7:34  Combat Shields  
  125  7:37  Missile Turret  
  125  7:38  Missile Turret  
  125  7:40  Supply Depot  
  125  7:42  Missile Turret  
  125  7:43  Concussive Shells  
  125  7:46  Marine x2  
  125  7:47  Marine, Marauder  
  125  7:51  Marauder  
  132  7:55  Terran Infantry Weapons Level 2, Terran Infantry Armor Level 2  
  132  7:56  Marine  
  132  7:57  Marine  
  134  8:01  Siege Tank  
  134  8:03  Missile Turret  
  137  8:06  Hellion x3  
  137  8:08  Marauder  
  137  8:09  SCV  
  140  8:14  Marine x5, Marauder  
  140  8:19  Terran Vehicle Weapons Level 1  
  147  8:22  Command Center, Medivac x2  
  151  8:34  Marine x3, Marauder  
  151  8:40  Siege Tank  
  151  8:41  Marine x3, Marauder  
  150  8:51  Supply Depot  
  150  8:52  Supply Depot x2, Marine, Medivac x2  
  155  8:56  Marine x2, Marauder  
  155  8:58  Marine  
  155  8:59  Marine  
  163  9:03  Marauder  
  163  9:10  Marine x2  
  163  9:13  Supply Depot x2  
  163  9:14  Supply Depot, Marine x2  
  163  9:15  Supply Depot  
  163  9:16  Marine x2  
  169  9:17  Marauder  
  169  9:22  Unknown  
  171  9:27  Missile Turret  
  171  9:33  Marine x3  
  171  9:34  Marine, Marauder  
  171  9:38  Siege Tank  
  180  9:39  Planetary Fortress  
  169  9:48  Marine x2  
  169  9:49  Marauder  
  169  9:51  Marine x2  
  172  9:55  Marine, Marauder  
  172  9:56  Marine  
  172  9:58  Medivac  
  171  10:06  Marine  
  172  10:10  Marauder  
  174  10:16  Siege Tank, Marauder  
  174  10:17  Marine x2  
  180  10:31  Marauder  
  180  10:33  Unknown x2  
  180  10:34  Marine x3  
  180  10:35  Unknown  
  189  10:40  Marine x2  
  191  10:44  Refinery  
  191  10:46  Refinery  
Show
View Real Time Build Order
Export as new Build Order

Cheater 1 (Resources) Zerg 

Build Orders: Pool First 

Get SALT Encoding   

  12  0:00  Drone  
  13  0:12  Overlord  
  13  0:17  Drone  
  14  0:30  Drone  
  14  0:31  Drone  
  16  0:43  Spawning Pool  
  16  0:44  Drone  
  16  0:48  Drone  
  17  1:12  Hatchery  
  17  1:13  Drone  
  17  1:17  Extractor  
  17  1:18  Drone  
  17  1:22  Drone  
  18  1:28  Drone  
  19  1:38  Overlord  
  19  1:46  Queen  
  21  1:49  Drone  
  22  2:00  Zergling x2  
  23  2:10  Drone  
  24  2:16  Roach Warren  
  24  2:21  Queen, Drone  
  24  2:22  Extractor  
  25  2:24  Drone  
  26  2:32  Drone  
  26  2:34  Overlord  
  27  2:43  Zergling x2  
  27  2:45  Drone  
  28  2:53  Drone x3  
  28  2:56  Drone  
  32  3:00  Zergling x2  
  32  3:05  Drone  
  33  3:08  Drone  
  33  3:16  Zergling x2  
  33  3:19  Roach  
  36  3:24  Roach  
  38  3:30  Lair  
  38  3:39  Spore Crawler  
  37  3:41  Spore Crawler  
  37  3:48  Queen  
  38  3:51  Drone  
  38  3:54  Drone  
  40  3:57  Roach  
  40  4:02  Roach  
  44  4:05  Zergling x2  
  44  4:07  Zergling x2  
  44  4:09  Zergling x2  
  44  4:17  Overlord  
  44  4:21  Metabolic Boost  
  44  4:25  Overlord  
  44  4:35  Drone x5  
  44  4:36  Zergling x4  
  51  4:39  Zergling x2  
  51  4:44  Drone  
  51  4:49  Drone  
  50  4:53  Drone  
  50  4:54  Evolution Chamber  
  50  4:55  Drone  
  50  4:59  Drone  
  52  5:03  Evolution Chamber  
  52  5:05  Roach  
  53  5:07  Roach  
  53  5:11  Overlord  
  55  5:18  Hydralisk Den  
  54  5:21  Drone  
  54  5:23  Drone  
  54  5:24  Drone  
  54  5:27  Drone  
  58  5:29  Drone  
  58  5:32  Overlord  
  58  5:34  Drone  
  57  5:36  Drone  
  57  5:38  Overseer, Drone  
  57  5:40  Drone  
  57  5:41  Drone  
  61  5:43  Drone  
  61  5:45  Drone  
  61  5:47  Hydralisk, Drone  
  64  5:50  Hydralisk  
  64  5:52  Drone  
  64  5:54  Drone  
  68  6:01  Overlord  
  68  6:02  Drone  
  69  6:05  Infestation Pit  
  69  6:06  Drone  
  69  6:08  Drone  
  69  6:09  Drone  
  71  6:12  Drone  
  71  6:17  Drone  
  73  6:22  Overlord  
  73  6:25  Zerg Melee Weapons Level 1  
  73  6:27  Baneling Nest, Drone, Zerg Ground Armor Level 1  
  73  6:29  Ravager  
  73  6:31  Ravager, Roach x2  
  78  6:33  Drone  
  78  6:34  Drone  
  76  6:40  Hatchery  
  76  6:41  Infestor  
  76  6:44  Drone  
  78  6:50  Drone  
  79  6:54  Drone  
  79  6:59  Zergling x4, Drone, Extractor  
  82  7:02  Zergling x2  
  82  7:04  Pneumatized Carapace, Hydralisk  
  85  7:09  Extractor  
  85  7:10  Baneling x2  
  85  7:12  Zergling x2, Baneling  
  85  7:13  Baneling  
  85  7:16  Zergling x2  
  85  7:17  Baneling  
  85  7:21  Baneling  
  86  7:23  Drone  
  86  7:24  Baneling  
  86  7:26  Infestor  
  86  7:27  Baneling, Overlord  
  86  7:28  Drone, Roach  
  92  7:32  Baneling  
  92  7:35  Baneling, Drone  
  92  7:36  Baneling  
  91  7:37  Drone  
  91  7:39  Baneling, Queen  
  91  7:40  Baneling  
  91  7:41  Baneling  
  91  7:43  Baneling  
  92  7:46  Drone  
  92  7:47  Baneling  
  92  7:48  Baneling, Overlord  
  92  7:49  Evolution Chamber  
  92  7:51  Drone  
  92  7:56  Zergling x6  
  92  7:57  Zergling x2  
  92  7:58  Centrifical Hooks  
  97  7:59  Drone  
  97  8:02  Drone  
  99  8:06  Extractor, Hatchery  
  99  8:07  Baneling x2  
  99  8:08  Drone  
  99  8:09  Drone  
  99  8:12  Overlord  
  99  8:15  Zerg Missile Weapons Level 1  
  99  8:16  Baneling  
  99  8:18  Drone  
  100  8:20  Drone  
  100  8:22  Extractor  
  100  8:23  Drone  
  100  8:24  Hydralisk  
  100  8:25  Zergling x2, Roach  
  104  8:30  Zergling x2  
  104  8:31  Roach  
  102  8:34  Roach  
  102  8:41  Roach  
  79  8:42  Roach  
  79  8:45  Roach  
  78  8:49  Queen  
  78  8:51  Hydralisk  
  78  8:52  Zergling x2  
  78  8:53  Drone  
  78  8:54  Zergling x2, Roach  
  84  8:56  Drone  
  84  9:00  Baneling  
  84  9:01  Baneling x2  
  83  9:03  Drone, Roach  
  83  9:04  Ravager  
  83  9:06  Drone  
  86  9:14  Drone, Roach  
  89  9:17  Drone  
  89  9:19  Drone  
  89  9:22  Drone  
  82  9:38  Drone  
  82  9:40  Drone  
  82  9:42  Drone  
  82  9:45  Drone  
  80  9:46  Drone x2, Roach  
  80  9:52  Zergling x2  
  77  9:54  Zergling x2  
  77  9:59  Queen  
  56  10:01  Roach, Hatchery  
  56  10:03  Roach  
  56  10:05  Roach  
  56  10:07  Roach  
  56  10:09  Roach  
  56  10:11  Roach  
  58  10:14  Hydralisk  
Tags
 
Add a new tag
Caveats
  • Supply blocks, unpowered buildings, or Contaminate may cause inaccurate times.
  • Supply counts are checked every 10 seconds.